 Dungeon Crawl Stone Soup version 0.27-a0-1312-g5cdb2b3542 (webtiles) character file.

Game seed: 1984651135869596803

51 Conn the Firebug (level 3, -1/21 HPs)
             Began as an Octopode Fire Elementalist on June 19, 2021.
             Slain by an iguana (10 damage)
             ... on level 2 of the Dungeon.
             The game lasted 00:01:38 (1690 turns).

Conn the Firebug (Octopode Fire Elementalist)       Turns: 1690, Time: 00:01:38

Health: -1/21      AC:  1    Str:  7    XL:     3   Next: 81%
Magic:  2/7        EV: 13    Int: 18    God:
Gold:   116        SH:  0    Dex: 12    Spells: 6/7 levels left

rFire    . . .     SeeInvis .   d - +0 short sword
rCold    . . .     Faith    .   (no shield)
rNeg     . . .     Spirit   .   (helmet restricted)
rPois    .         Reflect  .   (no amulet)
rElec    .         Harm     .   (no ring)
rCorr    .         Rampage  .   (no ring)
Will     .....                  (no ring)
Stlth    +++.......             (no ring)
HPRegen  0.07/turn              (no ring)
MPRegen  0.10/turn              (no ring)
                                (no ring)
                                (no ring)

@: very slightly contaminated
A: almost no armour, amphibious, 8 rings, camouflage 1, gelatinous body 1,
(nimble swimmer 1), tentacles
a: no special abilities


You were on level 2 of the Dungeon.
You visited 1 branch of the dungeon, and saw 2 of its levels.

You collected 116 gold pieces.

Inventory:

Hand Weapons
 d - a +0 short sword (weapon)
Scrolls
 c - a scroll of fear {unknown}
 e - a scroll of teleportation {unknown}
Potions
 a - 2 potions of heal wounds {unknown}
 b - 2 potions of curing {unknown}


   Skills:
 + Level 2.1 Dodging
 + Level 3.1 Stealth
 + Level 2.7 Spellcasting
 + Level 1.5 Conjurations
 + Level 3.5 Fire Magic


You had 6 spell levels left.
You knew the following spells:

 Your Spells              Type           Power      Damage    Failure   Level
a - Foxfire               Conj/Fire      44%        2x1d6     6%          1

Your spell library contained the following spells:

 Spells                   Type           Power      Damage    Failure   Level
 Conjure Flame            Conj/Fire      11%        6-21      17%         3
 Inner Flame              Hex/Fire       8%         N/A       24%         3
 Sticky Flame             Conj/Fire      11%        2d3       50%         4
 Fireball                 Conj/Fire      5%         3d5       85%         5


Dungeon Overview and Level Annotations

Branches:
Dungeon (2/15)

Altars:


Innate Abilities, Weirdness & Mutations

You cannot wear most types of armour.
You are amphibious.
You can wear up to eight rings at the same time.
Your skin changes colour to match your surroundings (Stealth+).
Your rubbery body absorbs attacks. (AC +1, EV +1)
((You are camouflaged near water. (Stealth+)))
You have tentacles for arms and can constrict up to eight enemies at once.


Message History

An iguana comes into view.
Found a scroll labelled NALYRA LAULIVIPN.
Casting: Foxfire (safe; 6% risk of failure)
Confirm with . or Enter, or press ? or * to list all spells.
You conjure some foxfire!
The foxfire hits the iguana.
The iguana is lightly wounded.
The iguana hisses angrily.
Your foxfire dissipates!
The iguana hisses menacingly.
Casting: Foxfire (safe; 6% risk of failure)
Confirm with . or Enter, or press ? or * to list all spells.
You conjure some foxfire!
The foxfire hits the iguana.
The iguana is lightly wounded.
The foxfire hits the iguana.
The iguana is heavily wounded.
Casting: Foxfire (safe; 6% risk of failure)
Confirm with . or Enter, or press ? or * to list all spells.
You conjure some foxfire!
The foxfire hits the iguana but does no damage.
The iguana is heavily wounded.
The foxfire hits the iguana but does no damage.
The iguana is heavily wounded.
Casting: Foxfire (safe; 6% risk of failure)
Confirm with . or Enter, or press ? or * to list all spells.
You conjure some foxfire!
The foxfire hits the iguana.
The iguana is heavily wounded.
The foxfire hits the iguana.
The iguana is almost dead.
Casting: Foxfire (safe; 6% risk of failure)
Confirm with . or Enter, or press ? or * to list all spells.
You miscast Foxfire.
You are very lightly contaminated with residual magic.
Nothing appears to happen.
The iguana bites you!
Ouch! That really hurt!
Casting: Foxfire (safe; 6% risk of failure)
Confirm with . or Enter, or press ? or * to list all spells.
You conjure some foxfire!
The iguana bites you!
You die...

#.# #.# #. #.#
#.# #. #.# #.#
####. #.# #.#
#.... #.# #.#
#.### #.#
#.#######.# #.#
#.........#
#v##############
#@l..........?.
###############


You could see an iguana (ally target).

Vanquished Creatures
  A gnoll (D:1)
  2 adders (D:2)
  4 bats
  A giant cockroach (D:1)
  A goblin (D:1)
  2 kobolds
  4 quokkas
  2 ball pythons
  3 frilled lizards
  7 rats
27 creatures vanquished.

Vanquished Creatures (others)
  109 foxfires
109 creatures vanquished.

Grand Total: 136 creatures vanquished

Notes
Turn   | Place    | Note
-------+----------+-------------------------------------------
     0 | D:1      | Conn the Octopode Fire Elementalist began the quest for the
                  | Orb.
     0 | D:1      | Reached XP level 1. HP: 11/11 MP: 3/3
    37 | D:1      | Reached XP level 2. HP: 17/17 MP: 0/5
   693 | D:1      | You fall into a shaft and drop 1 floor!
   749 | D:2      | Reached XP level 3. HP: 15/21 MP: 3/6
  1690 | D:2      | Slain by an iguana

Illustrated notes

Levels and vault maps discovered:
D:1:      dpeg_arrival_castle, layout_basic
D:2:      layout_basic

Skill      XL: |  1  2 |
---------------+-------+-----
Stealth        | 3 |  3.1
Dodging        | |  2.1
Spellcasting   | |  2.7
Conjurations   | |  1.5
Fire Magic     | |  3.5

Action                   || total
-------------------------++-------
 Cast: Foxfire           ||    63
Armor: Skin              ||     3
Dodge: Dodged            ||    22

Table legend: (Time is in decaauts)
 A = Elapsed time spent in this place.
 B = Non-inter-level travel time spent in this place.
 C = Inter-level travel time spent in this place.
 D = Time resting spent in this place.
 E = Time spent auto-exploring this place.
 F = Levels seen in this place.
 G = Mean time per level.
                   A        B        C        D        E       F      G
               +--------+--------+--------+--------+--------+-----+--------+
         Total |   1690 |   1678 |     12 |     45 |   1338 |   2 |  845.0 |
       Dungeon |   1690 |   1678 |     12 |     45 |   1338 |   2 |  845.0 |
               +--------+--------+--------+--------+--------+-----+--------+

Top non-repeatable levels by time:
     D:1: 1006 daAuts
     D:2: 683 daAuts
